 Dungeon Crawl Stone Soup version 0.26.1-11-gd32895ea62 (webtiles) character file.

Game seed: 151657843096297920

147 RepoMan the Sneak (level 5, 11/49 HPs)
             Began as a Deep Dwarf Delver on June 21, 2021.
             Got out of the dungeon alive.
             The game lasted 00:11:19 (1281 turns).

RepoMan the Sneak (Deep Dwarf Delver)               Turns: 1281, Time: 00:11:19

Health: 11/49      AC:  6    Str: 15    XL:     5   Next: 8%
Magic:  5/5        EV:  9    Int: 12    God:
Gold:   76         SH:  4    Dex: 14    Spells: 4/4 levels left

rFire    . . .     SeeInvis .   a - +0 falchion
rCold    . . .     Faith    .   l - +0 buckler
rNeg     + . .     Spirit   .   s - +0 scale mail
rPois    .         Reflect  .   (no helmet)
rElec    .         Harm     .   (no cloak)
rCorr    .         Rampage  .   (no gloves)
Will     .....                  (no boots)
Stlth    ++........             m - amulet of magic regeneration
HPRegen  0.00/turn              o - ring of positive energy
MPRegen  0.34/turn              (no ring)

@: non-regenerating
A: damage resistance, heal wounds, sense surroundings 1, no regeneration
a: Heal Wounds


You escaped.
You visited 1 branch of the dungeon, and saw 5 of its levels.

You collected 76 gold pieces.

Inventory:

Hand Weapons
 a - a +0 falchion (weapon)
Armour
 b - a +0 leather armour
 k - a +0 ring mail
 l - a +0 buckler (worn)
 s - a +0 scale mail (worn)
Jewellery
 m - an amulet of magic regeneration (around neck)
 o - a ring of positive energy (left hand)
Wands
 g - a wand of digging (3)
 j - a wand of acid (4)
Scrolls
 c - 3 scrolls of fog
 d - a scroll of magic mapping
 e - a scroll of fear
 h - 2 scrolls of amnesia {unknown}
 q - a scroll of identify {unknown}
Potions
 f - a potion of haste
 i - a potion of mutation {unknown}
 n - a potion of attraction {unknown}
 p - a potion of ambrosia {unknown}
 r - 3 potions of lignification {unknown}


   Skills:
 + Level 3.5 Fighting
 * Level 4.1 Long Blades
 + Level 1.3 Armour
 - Level 2.1 Dodging
 - Level 6.0 Stealth
 + Level 1.1 Shields
 + Level 0.7 Evocations


You had 4 spell levels left.
You didn't know any spells.
Your spell library was empty.

Dungeon Overview and Level Annotations

Branches:
Dungeon (5/15)
 Temple: D:4-7

Altars:

Annotations:
D:3 Jessica


Innate Abilities, Weirdness & Mutations

You are resistant to damage.
You can heal yourself by infusing magical energy.
You passively map a small area around you.
You do not regenerate.


Message History

Found 9 gold pieces and a scroll of fog.
You see here 16 sling bullets.
The helpless leopard gecko fails to defend itself.
You hit the leopard gecko.
You kill the leopard gecko!
You now have 76 gold pieces (gained 9).
c - 3 scrolls of fog (gained 1)
Found a ring mail.
You see here a ring mail.
You see here a +0 club.
You open the door.
Found a staircase leading out of the dungeon.
There is an open door here.
Found an escape hatch in the floor.
Partly explored, can't reach some places.
Partly explored, can't reach some places.
o - a ring of positive energy (left hand)
There is a staircase leading out of the dungeon here.
Are you sure you want to leave the Dungeon?
This will make you lose the game!
You have escaped!

#.....#.#####.#
#######.# #...#
#.###.###
#...).#
#####.####
##♣≈≈≈##.#
#>.♣≈≈≈#.#
###..♣♣♣#.#
#@......'.#
###..♣♣♣###
#..♣≈≈≈#
##♣≈≈≈## ####


There were no monsters in sight!

Vanquished Creatures
  An orc wizard (D:4)
  Terence (D:2)
  4 adders (D:2)
  A worm (D:2)
  4 dart slugs
  A leopard gecko (D:1)
  5 orcs (D:4)
  A ball python (D:2)
  A giant cockroach (D:4)
  A goblin (D:1)
  5 hobgoblins
  3 jackals (D:1)
  4 kobolds
  A quokka (D:2)
  4 bats (D:1)
  2 frilled lizards
  A leopard gecko skeleton (D:4)
  3 rats (D:2)
43 creatures vanquished.

Notes
Turn   | Place    | Note
-------+----------+-------------------------------------------
     0 | D:5      | RepoMan the Deep Dwarf Delver began the quest for the Orb.
     0 | D:5      | Reached XP level 1. HP: 20/20 MP: 1/1
    31 | D:5      | Noticed a sky beast
    43 | D:5      | Noticed a necrophage
    59 | D:5      | Noticed a worker ant
   115 | D:4      | Noticed an orc wizard
   150 | D:4      | Killed an orc wizard
   151 | D:4      | Reached XP level 2. HP: 11/28 MP: 2/2
   151 | D:4      | Reached XP level 3. HP: 13/34 MP: 3/3
   300 | D:3      | Noticed Jessica
   409 | D:2      | Noticed Terence
   412 | D:2      | Reached XP level 4. HP: 11/42 MP: 4/4
   414 | D:2      | Killed Terence
   415 | D:2      | Reached skill level 1 in Armour
   415 | D:2      | Reached skill level 1 in Shields
   890 | D:1      | Reached XP level 5. HP: 11/49 MP: 5/5
  1281 | D:$      | Got out of the dungeon alive.

Illustrated notes

Levels and vault maps discovered:
D:1:      saegor_arrival_simple_d, layout_basic
D:2:      layout_basic, uniq_terence
D:3:      layout_loops_ring, lemuel_coloured_pillars_altar, led_sif_book,
          hangedman_abyss_or_decor_stabs, chequers_serial_rivers_room_b,
          uniq_jessica, uniq_robin
D:4:      layout_layer_cave, gammafunk_ghost_smash,
          hangedman_abyss_or_decor_jellyfish_corner
D:5:      layout_cave_pools, trog_hazing_becter

Skill      XL: |  1  2  3  4 |
---------------+-------------+-----
Fighting       | 3 |  3.5
Long Blades    | 3 4 |  4.1
Armour         | 1 |  1.3
Shields        | 1 |  1.1
Dodging        | |  2.1
Stealth        | |  6.0
Evocations     | |  0.7

Action                   |  1- 3 |  4- 6 || total
-------------------------+-------+-------++-------
Melee: Falchion          |    57 |    66 ||   123
Evoke: Wand              |     1 |     4 ||     5
 Stab: Sleeping          |       |     5 ||     5
Armor: Leather armour    |     3 |       ||     3
       Ring mail         |     6 |    10 ||    16
       Scale mail        |       |    11 ||    11
Dodge: Dodged            |    26 |    32 ||    58
Block: Buckler           |     4 |     8 ||    12
       Rpst.: Falchion   |     9 |     6 ||    15
